 Dungeon Crawl Stone Soup version 0.27-a0-1359-ga2a4dfd6fd (webtiles) character file.

Game seed: 5340135594927039965

21 Gwenloh the Chopper (level 2, 0/26 HPs)
             Began as a Hill Orc Fighter on June 28, 2021.
             Slain by a quokka (2 damage)
             ... on level 1 of the Dungeon.
             The game lasted 00:01:22 (423 turns).

Gwenloh the Chopper (Hill Orc Fighter)               Turns: 423, Time: 00:01:23

Health: 0/26       AC:  6    Str: 18    XL:     2   Next: 87%
Magic:  2/2        EV:  7    Int:  8    God:
Gold:   16         SH:  9    Dex: 10    Spells: 1/1 levels left

rFire    . . .     SeeInvis .   a - +0 war axe
rCold    . . .     Faith    .   c - +0 kite shield
rNeg     . . .     Spirit   .   b - +0 scale mail
rPois    .         Reflect  .   (no helmet)
rElec    .         Harm     .   (no cloak)
rCorr    .         Rampage  .   (no gloves)
Will     .....                  (no boots)
Stlth    ..........             (no amulet)
HPRegen  0.08/turn              (no ring)
MPRegen  0.08/turn              (no ring)

@: no status effects
A: no striking features
a: no special abilities


You were on level 1 of the Dungeon.
You visited 1 branch of the dungeon, and saw 1 of its levels.

You collected 16 gold pieces.

Inventory:

Hand Weapons
 a - a +0 war axe (weapon)
Missiles
 f - 19 sling bullets
 h - a stone (quivered)
Armour
 b - a +0 scale mail (worn)
 c - a +0 kite shield (worn)
Scrolls
 g - a scroll of silence {unknown}
 i - a scroll of noise {unknown}
 j - a scroll of acquirement {unknown}
Potions
 d - a potion of might
 e - a potion of curing {unknown}


   Skills:
 - Level 3.6 Fighting
 + Level 4.4 Axes
 - Level 3.2 Armour
 - Level 3.2 Shields


You had one spell level left.
You didn't know any spells.
Your spell library was empty.

Dungeon Overview and Level Annotations

Branches:
Dungeon (1/15)

Altars:


Message History

You hit the quokka.
The quokka is almost dead.
You hit the bat but do no damage. You block the bat's attack.
You block the quokka's attack. The quokka bites you.
You barely miss the quokka.
The quokka is almost dead.
You completely miss the bat. The bat hits you but does no damage.
The quokka bites you.
* * * LOW HITPOINT WARNING * * *
The quokka bites you.
* * * LOW HITPOINT WARNING * * *
You barely miss the quokka.
The quokka is almost dead.
You miss the bat. The bat barely misses you.
The quokka bites you but does no damage.
The bat hits you but does no damage.
The quokka bites you but does no damage.
Unknown command.
You closely miss the quokka.
The quokka is almost dead.
Your shield prevents you from hitting the bat.
The bat hits you but does no damage. The quokka bites you.
* * * LOW HITPOINT WARNING * * *
The quokka closely misses you. You block the bat's attack.
Items here: ( )) †††.
You block the bat's attack. You block the bat's attack.
The bat closely misses you.
You miss the bat. The bat hits you but does no damage.
You block the bat's attack. The bat barely misses you.
You hit the bat.
You kill the bat!
You block the quokka's attack.
You closely miss the quokka.
The quokka is almost dead.
The quokka bites you.
* * * LOW HITPOINT WARNING * * *
The quokka bites you.
You die...

### #.. #.# #.# ## #.# .#
.######.#######.#
.........r@...#.#
#+######)#####.#.###### ##
........[####.........# #.
....(...........##.#..#####.
............................
#.##.#..(##.............###.
# #.....##.#...............
#.#..................†...
#.#......................


You could see a quokka.

Vanquished Creatures
  2 dart slugs (D:1)
  2 endoplasms (D:1)
  A giant cockroach (D:1)
  2 goblins (D:1)
  3 hobgoblins (D:1)
  2 bats (D:1)
  3 kobolds (D:1)
  A rat (D:1)
16 creatures vanquished.

Notes
Turn   | Place    | Note
-------+----------+-------------------------------------------
     0 | D:1      | Gwenloh the Hill Orc Fighter began the quest for the Orb.
     0 | D:1      | Reached XP level 1. HP: 19/19 MP: 1/1
    36 | D:1      | Reached skill level 3 in Axes
   100 | D:1      | Reached XP level 2. HP: 26/26 MP: 2/2
   175 | D:1      | Found a faded altar of an unknown god.
   250 | D:1      | Reached skill level 4 in Axes
   423 | D:1      | Slain by a quokka

Illustrated notes

Levels and vault maps discovered:
D:1:      psy_arrival_spokes, layout_basic,
          shapermc_ecumenical_altar_mp_vishouse

Skill      XL: |  1  2 |
---------------+-------+-----
Axes           | 3 4 |  4.4
Fighting       | |  3.6
Armour         | |  3.2
Shields        | |  3.2

Action                   || total
-------------------------++-------
Melee: War axe           ||    39
Throw: Stone             ||    31
Armor: Scale mail        ||    22
Dodge: Dodged            ||    16
Block: Kite shield       ||    21

Table legend: (Time is in decaauts)
 A = Elapsed time spent in this place.
 B = Non-inter-level travel time spent in this place.
 C = Inter-level travel time spent in this place.
 D = Time resting spent in this place.
 E = Time spent auto-exploring this place.
 F = Levels seen in this place.
 G = Mean time per level.
                   A        B        C        D        E       F      G
               +--------+--------+--------+--------+--------+-----+--------+
         Total |    453 |    453 |      0 |      0 |    308 |   1 |  453.0 |
       Dungeon |    453 |    453 |      0 |      0 |    308 |   1 |  453.0 |
               +--------+--------+--------+--------+--------+-----+--------+

Top non-repeatable levels by time:
     D:1: 453 daAuts
